 Dungeon Crawl Stone Soup version 0.30-a0-358-g0d69a1922f (webtiles) character file.

Game seed: 8008857924033584910

38 ragingrage the Cutter (level 3, -2/27 HPs)
             Began as a Formicid Wanderer on Nov 8, 2022.
             Slain by a worm (8 damage)
             ... on level 2 of the Dungeon.
             The game lasted 00:01:33 (1232 turns).

ragingrage the Cutter (Formicid Wanderer)           Turns: 1232, Time: 00:01:33

Health: -2/27      AC:  3    Str: 13    XL:     3   Next: 65%
Magic:  3/4        EV: 10    Int: 12    God:
Gold:   107        SH:  0    Dex: 17    Spells: 0/4 levels left

rFire   . . .      SeeInvis +    m - +0 falchion
rCold   . . .      Faith    .    (no shield)
rNeg    . . .      Spirit   .    d - +0 leather armour
rPois   .          Reflect  .    (helmet unavailable)
rElec   .          Harm     .    (no cloak)
rCorr   .          Rampage  .    (no gloves)
Will    .....                    (no boots)
Stlth   +.........               (no amulet)
HPRegen 0.24/turn                (no ring)
MPRegen 0.09/turn                (no ring)

@: no status effects
A: permanent stasis, dig shafts and tunnels, antennae 3, four strong arms
a: Dig, Shaft Self


You were on level 2 of the Dungeon.
You visited 1 branch of the dungeon, and saw 2 of its levels.

You collected 107 gold pieces.

Inventory:

Hand Weapons
 a - a +2 short sword
 m - a +0 falchion (weapon)
Armour
 d - a +0 leather armour (worn)
Jewellery
 g - an amulet of the acrobat
 i - a +6 ring of dexterity
Wands
 b - a wand of flame (7)
Scrolls
 c - a scroll of butterflies
 f - 2 scrolls of identify {unknown}
 l - a scroll of fear {unknown}
Potions
 e - 3 potions of curing {unknown}
 h - a potion of mutation {unknown}
 j - a potion of might {unknown}
 k - a potion of cancellation {unknown}


   Skills:
 + Level 2.2 Fighting
 - Level 5.0(5.1) Short Blades
 + Level 1.5(3.5) Long Blades
 - Level 1.1 Spellcasting
 + Level 2.3 Hexes
 - Level 2.1 Evocations


You couldn't memorise any spells.
You knew the following spells:

 Your Spells              Type           Power      Damage    Failure   Level
a - Slow                  Hex            24%        N/A       14%         1
b - Confusing Touch       Hex            6%         N/A       38%         3

Your spell library contained the following spells:

 Spells                   Type           Power      Damage    Failure   Level


Dungeon Overview and Level Annotations

Branches:
Dungeon (2/15)

Altars:


Innate Abilities, Weirdness & Mutations

You cannot be hasted, slowed, berserked, paralysed or teleported.
You can dig through walls and to a lower floor.
You have a pair of large antennae on your head. (SInv)
Your four strong arms can wield two-handed weapons with a shield.


Message History

The adder barely misses you. The hobgoblin barely misses you.
The adder closely misses you.
You hit the hobgoblin.
The hobgoblin is almost dead.
The adder bites you but does no damage.
The hobgoblin hits you but does no damage.
You hit the adder.
The adder is heavily wounded.
The adder barely misses you. The hobgoblin hits you.
The adder bites you but does no damage.
You hit the adder but do no damage.
The adder is heavily wounded.
The hobgoblin hits you. The adder barely misses you.
The hobgoblin closely misses you.
You hit the adder but do no damage.
The adder is heavily wounded.
The adder barely misses you. The adder closely misses you.
The hobgoblin hits you.
You hit the adder.
The adder is almost dead.
The adder bites you but does no damage. The hobgoblin hits you.
You slash the adder!
You kill the adder!
The hobgoblin hits you.
You completely miss the hobgoblin.
The hobgoblin is almost dead.
The hobgoblin hits you.
You closely miss the hobgoblin.
The hobgoblin is almost dead.
The hobgoblin barely misses you. The worm bites you!
* * * LOW HITPOINT WARNING * * *
You hit the hobgoblin.
You kill the hobgoblin!
Casting: Slow (safe; 14% risk of failure)
Confirm with . or Enter, or press ? or * to list all spells.
Aiming: Slow (safe; 14% risk of failure)
Press: ? - help, Shift-Dir - straight line, f - worm
Aim: a worm (chance to affect: 49%)
The worm seems to slow down.
The worm bites you!
You die...

..............###.#
........................
........................
........................
#######.................
#................
#...............
#..........w######
#.......(.@.......
#...........####..
#...........#
#....###....#
#...##>##...#
#.>.#...#...#
#...#.♣.#...#
#...#...#...#
#...##.'#...#


You could see a worm (slow).

Vanquished Creatures
  An adder (D:2)
  2 endoplasms (D:1)
  2 giant cockroaches (D:1)
  4 goblins (D:1)
  4 hobgoblins
  5 kobolds
  A quokka (D:2)
  A ball python (D:1)
  4 bats
  3 rats (D:1)
27 creatures vanquished.

Notes
Turn   | Place    | Note
-------+----------+-------------------------------------------
     0 | D:1      | ragingrage the Formicid Wanderer began the quest for the
                  | Orb.
     0 | D:1      | ragingrage set off with the following items: a +2 short
                  | sword, a wand of flame (7), a scroll of butterflies, a +0
                  | leather armour; and the following spell memorised: Slow;
                  | and the following spells available to memorise: Confusing
                  | Touch.
     0 | D:1      | Reached XP level 1. HP: 15/15 MP: 2/2
   183 | D:1      | Reached XP level 2. HP: 15/21 MP: 1/3
   678 | D:1      | Reached skill level 1 in Long Blades
   870 | D:1      | Reached XP level 3. HP: 25/27 MP: 4/4
  1045 | D:2      | Learned a level 3 spell: Confusing Touch
  1232 | D:2      | Slain by a worm

Illustrated notes

Levels and vault maps discovered:
D:1:      nagdon_arrival_zigzag_paths, layout_basic, minmay_close_crescents
D:2:      layout_basic, grunt_ministairs_4, ebering_dispersal_statue_hall,
          nicolae_concentric_dashed_squares_wild, minmay_circle_x

Skill      XL: |  1  2  3 |
---------------+----------+-----
Long Blades    | 1 |  1.5
Hexes          | 2 |  2.3
Fighting       | 2 |  2.2
Short Blades   | |  5.0
Spellcasting   | |  1.1
Evocations     | |  2.1

Action                   || total
-------------------------++-------
Melee: Short sword       ||    90
       Falchion          ||    13
 Cast: Slow              ||     4
 Stab: Sleeping          ||     1
Armor: Leather armour    ||    30
Dodge: Dodged            ||    55

Table legend: (Time is in decaauts)
 A = Elapsed time spent in this place.
 B = Non-inter-level travel time spent in this place.
 C = Inter-level travel time spent in this place.
 D = Time resting spent in this place.
 E = Time spent auto-exploring this place.
 F = Levels seen in this place.
 G = Mean time per level.
                   A        B        C        D        E       F      G
               +--------+--------+--------+--------+--------+-----+--------+
         Total |   1210 |   1150 |     60 |     16 |    892 |   2 |  605.0 |
       Dungeon |   1210 |   1150 |     60 |     16 |    892 |   2 |  605.0 |
               +--------+--------+--------+--------+--------+-----+--------+

Top non-repeatable levels by time:
     D:1: 978 daAuts
     D:2: 231 daAuts
